 Dungeon Crawl Stone Soup version 0.17.0-26-gececa24 (console) character file.

67 gw the Cudgeler (level 4, -2/37 HPs)
             Began as a Formicid Berserker on Nov 21, 2015.
             Was a Believer of Trog.
             Slain by an adder (3 damage)
             ... on level 2 of the Dungeon.
             The game lasted 00:01:53 (2263 turns).

gw the Cudgeler (Formicid Berserker)                Turns: 2263, Time: 00:01:54

Health: -2/37      AC:  7    Str: 21    XL:     4   Next: 38%
Magic:  4/4        EV: 10    Int:  7    God:    Trog [**....]
Gold:   72         SH:  0    Dex: 11    Spells: 0 memorised, 3 levels left

rFire  . . .     SeeInvis +     a - +0 mace
rCold  + . .     Clarity  .     m - +0 scale mail
rNeg   . . .     SustAt   .     (no shield)
rPois  .         Gourm    .     (helmet unavailable)
rElec  .         Spirit   .     (no cloak)
rCorr  .         Warding  .     (no gloves)
rMut   .         Stasis   +     l - +0 pair of boots
MR     .....                    (no amulet)
Stlth  +.........               (no ring)
                                (no ring)

@: lethally poisoned (-2 -> -11), not resistant to hostile enchantments, very
unstealthy
A: permanent stasis, dig shafts and tunnels, four strong arms, antennae 3,
camouflage 1, cold resistance 1, MP-powered wands
a: Dig, Shaft Self, Trog's Hand, Burn Spellbooks, Renounce Religion


You were on level 2 of the Dungeon.
You worshipped Trog.
Trog was pleased with you.
You were hungry.

You visited 1 branch of the dungeon, and saw 2 of its levels.

You collected 72 gold pieces.

Inventory:

Hand Weapons
 a - a +0 mace (weapon)
Missiles
 d - 106 stones (quivered)
 f - 31 poisoned needles
Armour
 l - a +0 pair of boots (worn)
 m - a +0 scale mail (worn)
Scrolls
 b - 3 scrolls of identify
 k - 2 scrolls of fog {unknown}
Potions
 e - a potion of ambrosia {unknown}
 i - a potion of might
Comestibles
 c - 4 bread rations
 h - a beef jerky
 j - 2 meat rations
 n - a royal jelly
 o - 3 fruits
 q - 2 slices of pizza


   Skills:
 + Level 3.7 Fighting
 * Level 4.0 Maces & Flails
 + Level 0.7 Throwing
 + Level 2.9 Armour
 - Level 1.7 Dodging


You had 3 spell levels left.
You didn't know any spells.

Dungeon Overview and Level Annotations

Branches:
Dungeon (2/15)

Altars:
Trog


Innate Abilities, Weirdness & Mutations

You are under a permanent stasis effect.
You can dig through walls and to a lower floor.
Your four strong arms can wield two-handed weapons with a shield.
You have a pair of large antennae on your head (SInv).
Your skin changes colour to match your surroundings (Stealth).
Your flesh is cold resistant.
You expend magic power (3 MP) to strengthen your wands.


Message History

The adder closely misses you. The hobgoblin barely misses you.
ATTACK MOVE TO (0,1)
You hit the adder.
The adder is severely wounded.
You feel sick. The adder bites you. The hobgoblin barely misses you.
ATTACK MOVE TO (0,1)
You miss the adder.
The adder is severely wounded.
You feel sick. The adder closely misses you. The hobgoblin barely misses you.
The adder bites you.
You are lethally poisoned!
The adder poisons you!
ATTACK MOVE TO (0,1)
Your unstable footing causes you to fumble your attack.
You feel sick. The adder misses you. The hobgoblin hits you with a club.
ATTACK MOVE TO (0,1)
Your unstable footing causes you to fumble your attack.
You feel sick. The adder bites you but does no damage.
The hobgoblin hits you with a club. The adder bites you.
You die...

####~~7 ~.~7
##...~777~.~777~!~777
#.#.~~~~~~~~~~~~~~~
##.#....~~.~~.~~~~..
...#.~~~~~.~~~~~~~~ ~~
####~~777~~~777~.~7 ~~7 #
#.~7 7~~~7 7~.~7 ~~~7
####.~777~.~777~.~777~~~7
.....~~~~~~~~~~~a~~~~~~~~
..#...~.~.?~.~~.Sg.?...~~
#.##.###.##....##>.###...
#.##.. ..>...............
#.######.###.............
#........###.............
#######..)..##...........
#..##...........)..
#.######...........


You could see an adder and a hobgoblin.

Table legend:
 A = Turns spent in this place as a percentage of turns spent in the entire game.
 B = Non-inter-level travel turns spent in this place as a percentage of non-inter-level travel turns spent in the entire game.
 C = Inter-level travel turns spent in this place as a percentage of turns spent in this place.
 D = Turns resting spent in this place as a percentage of non-inter-level travel turns spent in this place.
 E = Turns spent auto-exploring this place as a percentage of non-inter-level travel turns spent in this place.
 F = Non-inter-level travel turns spent in this place divided by the number of levels of this place that you've seen.
                   A       B       C       D       E      F
               +-------+-------+-------+-------+-------+----------------------
         Total | 100.0 | 100.0 |   0.4 |   1.1 |   2.4 | 1703.5
       Dungeon | 100.0 | 100.0 |   0.4 |   1.1 |   2.4 | 1703.5
               +-------+-------+-------+-------+-------+----------------------

Table legend:
 A = Kills in this place as a percentage of kills in entire the game.
 B = Kills by you in this place as a percentage of kills by you in the entire game.
 C = Kills by friends in this place as a percentage of kills by friends in the entire game.
 D = Other kills in this place as a percentage of other kills in the entire game.
 E = Experience gained in this place as a percentage of experience gained in the entire game.
 F = Experience gained in this place divided by the number of levels of this place that you have seen.
                   A       B       C       D       E      F
               +-------+-------+-------+-------+-------+----------------------
         Total | 100.0 | 100.0 |  -nan |  -nan | 100.0 |  48.0
       Dungeon | 100.0 | 100.0 |  -nan |  -nan | 100.0 |  48.0
               +-------+-------+-------+-------+-------+----------------------

Vanquished Creatures
  An adder (D:2)
  2 worms (D:2)
  A giant gecko (D:2)
  3 ball pythons
  9 bats
  2 giant cockroaches (D:2)
  6 hobgoblins
  5 jackals (D:1)
  6 kobolds
  3 giant newts
  6 goblins
  7 rats
51 creatures vanquished.

Notes
Turn   | Place    | Note
--------------------------------------------------------------
     0 | D:1      | gw the Formicid Berserker began the quest for the Orb.
     0 | D:1      | Reached XP level 1. HP: 18/18 MP: 1/1
   233 | D:1      | Reached XP level 2. HP: 24/24 MP: 2/2
   618 | D:1      | Reached ** piety under Trog
   652 | D:1      | Reached XP level 3. HP: 29/29 MP: 3/3
  1214 | D:1      | Gained mutation: Your skin changes colour to match your surroundings (Stealth). [potion of mutation]
  1214 | D:1      | Gained mutation: You expend magic power (3 MP) to strengthen your wands. [potion of mutation]
  1214 | D:1      | Gained mutation: Your flesh is cold resistant. [potion of mutation]
  1716 | D:2      | Reached XP level 4. HP: 28/37 MP: 4/4
  2071 | D:2      | Found a bloodstained altar of Trog.
  2219 | D:2      | Reached skill level 4 in Maces & Flails
  2263 | D:2      | HP: 1/37 [hobgoblin/club (3)]
  2263 | D:2      | Slain by an adder

Action                   |  1- 3 |  4- 6 || total
-------------------------+-------+-------++-------
Melee: Mace              |   123 |    53 ||   176
Throw: Stone             |    54 |    28 ||    82
  Use: Scroll            |     4 |       ||     4
       Potion            |     3 |       ||     3
  Eat: Chunk             |     2 |     2 ||     4

Vault maps used:
D:1:      lightli_arrival_windingriver, minmay_three_crescents
D:2:      lightli_temple_of_fire, kennysheep_boxes
